 Dungeon Crawl Stone Soup version 0.23.0-2-g0fe3ce5 (webtiles) character file.

Game seed: 3233242268977343176

168 vishdafish the Charmwright (level 5, -4/43 HPs)
             Began as a Gnoll Skald on Feb 19, 2019.
             Killed by divine providence
             ... invoked by an orc priest
              (15 damage)
             ... on level 3 of the Dungeon.
             The game lasted 00:04:45 (1948 turns).

vishdafish the Charmwright (Gnoll Skald)            Turns: 1948, Time: 00:04:45

Health: -4/43      AC:  7    Str: 13    XL:     5   Next: 48%
Magic:  11/12      EV: 11    Int: 22    God:
Gold:   185        SH:  7    Dex: 14    Spells: 9/14 levels left

rFire    . . .     SeeInvis .   a - +0 falchion
rCold    . . .     Gourm    .   r - +0 shield
rNeg     . . .     Faith    .   b - +0 leather armour
rPois    .         Spirit   .   g - +0 helmet
rElec    .         Reflect  .   p - +2 cloak
rCorr    .         Harm     .   (no gloves)
MR       .....                  (no boots)
Stlth    ++........             (no amulet)
HPRegen  0.14/turn              e - +5 ring of intelligence
MPRegen  0.13/turn              (no ring)

@: no status effects
A: distributed training, fangs 1, strong nose
a: no special abilities


You were on level 3 of the Dungeon.
You were hungry.

You visited 1 branch of the dungeon, and saw 3 of its levels.

You collected 185 gold pieces.

Inventory:

Hand Weapons
 a - a +0 falchion (weapon)
 o - a +0 hunting sling
Missiles
 h - 46 sling bullets
Armour
 b - a +0 leather armour (worn)
 g - a +0 helmet (worn)
 p - a +2 cloak (worn)
 r - a +0 shield (worn)
Jewellery
 e - a +5 ring of intelligence (left hand)
Scrolls
 f - 2 scrolls of teleportation {unknown}
 i - a scroll of noise {unknown}
 j - a scroll of blinking {unknown}
 k - a scroll of amnesia {unknown}
 l - 3 scrolls of identify {unknown}
 m - a scroll of magic mapping {unknown}
 q - a scroll of remove curse {unknown}
 s - a scroll of enchant armour {unknown}
Potions
 c - a potion of invisibility {unknown}
 n - 2 potions of curing {unknown}
Comestibles
 d - 5 rations


   Skills:
 + Level 4.8 Fighting
 + Level 1.4 Short Blades
 + Level 4.8 Long Blades
 + Level 1.4 Axes
 + Level 1.4 Maces & Flails
 + Level 1.4 Polearms
 + Level 1.4 Staves
 + Level 1.4 Slings
 + Level 1.4 Bows
 + Level 1.4 Crossbows
 + Level 1.4 Throwing
 + Level 3.0 Armour
 + Level 4.8 Dodging
 + Level 1.4 Stealth
 + Level 1.4 Shields
 + Level 1.4 Unarmed Combat
 + Level 5.2 Spellcasting
 + Level 1.1 Conjurations
 + Level 1.1 Hexes
 + Level 5.5 Charms
 + Level 1.1 Summonings
 + Level 1.1 Necromancy
 + Level 1.1 Translocations
 + Level 1.1 Transmutations
 + Level 1.1 Fire Magic
 + Level 1.1 Ice Magic
 + Level 1.1 Air Magic
 + Level 1.1 Earth Magic
 + Level 1.1 Poison Magic
 + Level 1.6 Invocations
 + Level 1.4 Evocations


You had 9 spell levels left.
You knew the following spells:

 Your Spells              Type           Power        Failure   Level  Hunger
a - Infusion              Chrm           ####         8%          1    None
b - Song of Slaying       Chrm           ####....     11%         2    None
c - Shroud of Golubria    Chrm/Tloc      ###.......   26%         2    None

Your spell library contained the following spells:

 Spells                   Type           Power        Failure   Level  Hunger
 Regeneration             Chrm/Necr      ###.......   47%         3    ##.....
 Spectral Weapon          Hex/Chrm       ###.....     47%         3    ##.....


Dungeon Overview and Level Annotations

Branches:
Dungeon (3/15)

Altars:
Ashenzari
Hepliaklqana
Ru
Uskayaw


Innate Abilities, Weirdness & Mutations

Your experience applies equally to all skills.
You have very sharp teeth.
Your uncanny sense of smell can sniff out nearby items.


Message History

Your shroud bends the orc's attack away.
You closely miss the orc priest.
The orc priest is lightly wounded.
The orc priest barely misses you.
You riposte.
You hit the orc priest.
You bite the orc priest, but do no damage.
The orc priest is lightly wounded.
The orc hits you but does no damage.
You hit the orc priest.
The orc priest is heavily wounded.
The orc priest barely misses you.
You riposte.
You hit the orc priest but do no damage.
The orc priest is heavily wounded.
The orc hits you with a +0 club.
* * * LOW HITPOINT WARNING * * *
You hit the orc priest but do no damage.
The orc priest is heavily wounded.
Your shroud unravels.
The orc priest invokes the aid of Beogh against you.
Beogh smites you!
You die...

# #.......##.#
####.....##.#
#........##.# .
#...##........######...
#.# #†.........).....[
. ##...#....#..#.....
#.....###....# ...
##..+#######oo# .
##...#.. #.o.#@#
#....#...#.og#.#
#.#.##....o)s###
#.#.####._.###
#.#.##...... #
#..#...#..o
...#...#...#
...+#######' .... ..


You could see an orc priest and an orc.

Vanquished Creatures
  An orc wizard (D:3)
  Ijyb (D:3)
  Robin (D:2)
  3 adders
  2 worms (D:2)
  A leopard gecko (D:3)
  2 orcs (D:3)
  2 ball pythons
  2 giant cockroaches (D:1)
  12 goblins
  11 hobgoblins
  4 kobolds
  A quokka (D:2)
  9 bats
  4 frilled lizards
  6 rats
62 creatures vanquished.

Vanquished Creatures (others)
  A giant cockroach (D:3)
1 creature vanquished.

Grand Total: 63 creatures vanquished

Notes
Turn   | Place    | Note
-------+----------+-------------------------------------------
     0 | D:1      | vishdafish the Gnoll Skald began the quest for the Orb.
     0 | D:1      | Reached XP level 1. HP: 20/20 MP: 6/6
   111 | D:1      | Reached XP level 2. HP: 23/26 MP: 7/7
   157 | D:1      | Learned a level 2 spell: Song of Slaying
   160 | D:1      | Learned a level 2 spell: Shroud of Golubria
   636 | D:2      | Noticed Robin
   642 | D:2      | Reached XP level 3. HP: 28/31 MP: 3/9
   645 | D:2      | Reached skill level 5 in Spellcasting
   652 | D:2      | Killed Robin
   652 | D:2      | Reached skill level 1 in Invocations
   894 | D:2      | Reached skill level 1 in Short Blades
   894 | D:2      | Reached skill level 1 in Axes
   894 | D:2      | Reached skill level 1 in Maces & Flails
   894 | D:2      | Reached skill level 1 in Polearms
   894 | D:2      | Reached skill level 1 in Staves
   894 | D:2      | Reached skill level 1 in Slings
   894 | D:2      | Reached skill level 1 in Bows
   894 | D:2      | Reached skill level 1 in Crossbows
   894 | D:2      | Reached skill level 1 in Throwing
   894 | D:2      | Reached skill level 1 in Stealth
   894 | D:2      | Reached skill level 1 in Shields
   894 | D:2      | Reached skill level 1 in Unarmed Combat
   894 | D:2      | Reached skill level 1 in Evocations
  1060 | D:2      | Reached XP level 4. HP: 28/38 MP: 8/11
  1184 | D:2      | Found a shattered altar of Ashenzari.
  1724 | D:3      | Reached skill level 1 in Conjurations
  1724 | D:3      | Reached skill level 1 in Hexes
  1724 | D:3      | Reached skill level 1 in Summonings
  1724 | D:3      | Reached skill level 1 in Necromancy
  1724 | D:3      | Reached skill level 1 in Translocations
  1724 | D:3      | Reached skill level 1 in Transmutations
  1724 | D:3      | Reached skill level 1 in Fire Magic
  1724 | D:3      | Reached skill level 1 in Ice Magic
  1724 | D:3      | Reached skill level 1 in Air Magic
  1724 | D:3      | Reached skill level 1 in Earth Magic
  1724 | D:3      | Reached skill level 1 in Poison Magic
  1753 | D:3      | Found a hazy altar of Hepliaklqana.
  1800 | D:3      | Found a hide-covered altar of Uskayaw.
  1809 | D:3      | Noticed a +0 hand axe
  1823 | D:3      | Noticed a +0 dagger
  1903 | D:3      | Found a sacrificial altar of Ru.
  1909 | D:3      | Noticed Ijyb
  1923 | D:3      | Reached XP level 5. HP: 12/43 MP: 7/12
  1939 | D:3      | Killed Ijyb
  1948 | D:3      | Killed from afar by an orc priest

Skill      XL: |  1  2  3  4  5 |
---------------+----------------+-----
Spellcasting   | 5 |  5.2
Invocations    | 1 |  1.6
Short Blades   | 1 |  1.4
Axes           | 1 |  1.4
Maces & Flails | 1 |  1.4
Polearms       | 1 |  1.4
Staves         | 1 |  1.4
Slings         | 1 |  1.4
Bows           | 1 |  1.4
Crossbows      | 1 |  1.4
Throwing       | 1 |  1.4
Stealth        | 1 |  1.4
Shields        | 1 |  1.4
Unarmed Combat | 1 |  1.4
Evocations     | 1 |  1.4
Conjurations   | 1 |  1.1
Hexes          | 1 |  1.1
Summonings     | 1 |  1.1
Necromancy     | 1 |  1.1
Translocations | 1 |  1.1
Transmutations | 1 |  1.1
Fire Magic     | 1 |  1.1
Ice Magic      | 1 |  1.1
Air Magic      | 1 |  1.1
Earth Magic    | 1 |  1.1
Poison Magic   | 1 |  1.1
Armour         | 3 |  3.0
Fighting       | |  4.8
Long Blades    | |  4.8
Dodging        | |  4.8
Charms         | |  5.5

Action                   |  1- 3 |  4- 6 || total
-------------------------+-------+-------++-------
Melee: Falchion          |    79 |    92 ||   171
       Bite              |    10 |     7 ||    17
 Cast: Shroud of Golubri |     3 |     2 ||     5
       Song of Slaying   |     1 |     1 ||     2
       Infusion          |       |     2 ||     2
 Stab: Sleeping          |     1 |     2 ||     3
  Eat: Chunk             |       |     3 ||     3
Armor: Leather armour    |    25 |    29 ||    54
Dodge: Dodged            |    52 |    56 ||   108
Block: Shield            |       |    15 ||    15
       Rpst.: Falchion   |    17 |    19 ||    36
